 Dungeon Crawl Stone Soup version 0.28-a0-21-gf74fda84f9 (webtiles) character file.

Game seed: 13331154948920870784

50 ezpacito the Skirmisher (level 3, -3/29 HPs)
             Began as a Demonspawn Abyssal Knight on July 27, 2021.
             Was a Follower of Lugonu.
             Slain by a gnoll (5 damage)
             ... on level 2 of the Dungeon.
             The game lasted 00:01:43 (1799 turns).

ezpacito the Skirmisher (Demonspawn Abyssal Knight) Turns: 1799, Time: 00:01:43

Health: -3/29      AC:  5    Str: 12    XL:     3   Next: 55%
Magic:  5/5        EV: 10    Int: 13    God:    Lugonu [*.....]
Gold:   83         SH:  0    Dex: 13    Spells: 0/3 levels left

rFire   . . .      SeeInvis .   a - +1 hand axe
rCold   . . .      Faith    .   (no shield)
rNeg    . . .      Spirit   .   g - +0 ring mail
rPois   .          Reflect  .   (no helmet)
rElec   .          Harm     .   (no cloak)
rCorr   .          Rampage  .   (no gloves)
Will    .....                   (no boots)
Stlth   +.........              (no amulet)
HPRegen 0.09/turn               (no ring)
MPRegen 0.09/turn               (no ring)

@: mighty, attractive, hasted, very quick
A: spiny 1, demonic magic 1
a: Renounce Religion, Depart the Abyss


You were on level 2 of the Dungeon.
You worshipped Lugonu.
Lugonu was aware of your devotion.
You visited 1 branch of the dungeon, and saw 2 of its levels.
You visited the Abyss 1 time.

You collected 83 gold pieces.

Inventory:

Hand Weapons
 a - a +1 hand axe (weapon)
Missiles
 c - 30 stones (quivered)
Armour
 g - a +0 ring mail (worn)
Scrolls
 e - a scroll of identify


   Skills:
 + Level 3.1 Fighting
 * Level 2.6 Axes
 + Level 0.1 Throwing
 + Level 2.0 Armour
 + Level 1.2 Dodging
 + Level 0.7 Spellcasting
 + Level 3.0 Invocations


You couldn't memorise any spells.
You knew the following spells:

 Your Spells              Type           Power      Damage    Failure   Level
a - Ignite Poison         Fire/Tmut/Pois 0%         N/A       88%         3

Your spell library contained the following spells:

 Spells                   Type           Power      Damage    Failure   Level
 Static Discharge         Conj/Air       0%         N/A       67%         2
 Mephitic Cloud           Conj/Pois/Air  0%         N/A       88%         3
 Dispel Undead            Necr           0%         3d6       99%         4
 Sticky Flame             Conj/Fire      0%         2d3       99%         4
 Bolt of Magma            Conj/Fire/Erth 0%         4d4       100%        5


Dungeon Overview and Level Annotations

Branches:
Dungeon (2/15)

Altars:


Innate Abilities, Weirdness & Mutations

You are partially covered in sharp spines.
Spells you cast may paralyse adjacent enemies.


Message History

It was a potion of haste.
You feel yourself speed up. The gnoll barely misses you.
A gnoll comes into view. It is wielding a +0 halberd.
The gnoll is pulled toward you!
You aren't carrying any potions.
As you read the scroll labelled APNIGU LYSSA, it crumbles to dust.
It is a scroll of identify.
You don't have any unidentified items.
The gnoll hits you with a +0 club.
A gnoll comes into view. It is wielding a +0 spear.
The gnoll is pulled toward you! x2
The gnoll is pulled toward you! The gnoll is pulled toward you! x2
The gnoll is pulled toward you! x2
The gnoll is pulled toward you! x3
The gnoll is pulled toward you! x2
The gnoll is pulled toward you! x2
The gnoll is pulled toward you! The gnoll is pulled toward you!
The gnoll is pulled toward you! The gnoll is struck by your spines.
The gnoll misses you. The gnoll is pulled toward you!
You see here a fizzy brown potion.
b - a fizzy brown potion The gnoll hits you with a +0 spear.
The gnoll hits you with a +0 club.
It was a potion of might.
You feel very mighty all of a sudden. The gnoll is struck by your spines.
The gnoll hits you with a +0 spear. The gnoll is pulled toward you!
You barely miss the gnoll.
The gnoll is lightly wounded.
You completely miss the gnoll. The gnoll hits you with a +0 club.
The gnoll hits you from afar with a +0 halberd!
* * * LOW HITPOINT WARNING * * *
The gnoll closely misses you.
Unknown command.
You barely miss the gnoll.
The gnoll is moderately wounded.
You barely miss the gnoll. The gnoll hits you with a +0 club.
You die...

##.##########.#
#.............#
##.##########.######.
######.# #...g...).......
#......# #.######†######.
##.########.####........#
####...........g.............
...............gg...#.####.#.
####..#########.@...#.# #
....>.... +.........
####..#### #.....#### ...#..#
#.....# ...#..# #####.#
....... .# .###.## . ......
.. .....#


You could see 3 gnolls.

Vanquished Creatures
  An adder (D:2)
  A worm (D:2)
  3 dart slugs
  3 endoplasms (D:1)
  A giant cockroach (D:1)
  3 goblins
  5 hobgoblins
  2 kobolds (D:1)
  3 quokkas
  2 ball pythons (D:1)
  3 bats (D:1)
  A rat (D:2)
28 creatures vanquished.

Vanquished Creatures (others)
  2 withered plants (D:2)
2 creatures vanquished.

Grand Total: 30 creatures vanquished

Notes
Turn   | Place    | Note
-------+----------+-------------------------------------------
     0 | Abyss:1  | ezpacito the Demonspawn Abyssal Knight began the quest for
                  | the Orb.
     0 | Abyss:1  | Reached XP level 1. HP: 18/18 MP: 2/2
    52 | Abyss:1  | Noticed a tentacled starspawn
    58 | D:1      | Escaped the Abyss
   298 | D:1      | Reached skill level 1 in Dodging
   418 | D:1      | Reached * piety under Lugonu
   419 | D:1      | Gained mutation: You are partially covered in sharp spines.
                  | [demonic ancestry]
   419 | D:1      | Reached XP level 2. HP: 20/24 MP: 3/3
  1016 | D:1      | Found a faded altar of an unknown god.
  1169 | D:1      | Gained mutation: Spells you cast may paralyse adjacent
                  | enemies. [demonic ancestry]
  1169 | D:1      | Reached XP level 3. HP: 29/29 MP: 5/5
  1398 | D:1      | Learned a level 3 spell: Ignite Poison
  1799 | D:2      | Slain by a gnoll

Illustrated notes

Levels and vault maps discovered:
D:1:      dpeg_arrival_castle, layout_basic,
          dreamdust_ecumenical_altar_hidden_monk_grotto,
          minmay_misc_feat_hallway, minmay_bisected
D:2:      layout_basic, serial_undead, serial_undead_e, serial_undead_a,
          serial_undead_d, serial_undead_b, serial_undead_a

Skill      XL: |  1  2  3 |
---------------+----------+-----
Dodging        | 1 |  1.2
Axes           | 2 |  2.6
Armour         | 2 |  2.0
Invocations    | 3 |  3.0
Fighting       | |  3.1
Throwing       | |  0.1
Spellcasting   | |  0.7

Action                   || total
-------------------------++-------
Melee: Hand axe          ||    70
Invok: Depart the Abyss  ||     1
  Use: Potion            ||     3
       Scroll            ||     1
 Stab: Sleeping          ||     1
Armor: Leather armour    ||    17
       Ring mail         ||     3
Dodge: Dodged            ||    45

Table legend: (Time is in decaauts)
 A = Elapsed time spent in this place.
 B = Non-inter-level travel time spent in this place.
 C = Inter-level travel time spent in this place.
 D = Time resting spent in this place.
 E = Time spent auto-exploring this place.
 F = Levels seen in this place.
 G = Mean time per level.
                   A        B        C        D        E       F      G
               +--------+--------+--------+--------+--------+-----+--------+
         Total |   1807 |   1589 |    218 |      0 |   1364 |   3 |  602.3 |
       Dungeon |   1749 |   1531 |    218 |      0 |   1313 |   2 |  874.5 |
         Abyss |     58 |     58 |      0 |      0 |     51 |   1 |   58.0 |
               +--------+--------+--------+--------+--------+-----+--------+

Top non-repeatable levels by time:
     D:1: 1444 daAuts
     D:2: 305 daAuts
 Abyss:1: 58 daAuts
